 Dungeon Crawl Stone Soup version 0.30-a0-50-gb2d611f6b1 (webtiles) character file.

Game seed: 13025932617377925438

23655 Destapler the Severer (level 12, -9/175 HPs)
             Began as a Minotaur Berserker on Sept 3, 2022.
             Was an Elder of Trog.
             Constricted to death by Jorgrun (10 damage)
             ... on level 12 of the Dungeon.
             The game lasted 00:57:44 (12954 turns).

Destapler the Severer (Minotaur Berserker)         Turns: 12954, Time: 00:57:44

Health: -9/175     AC: 15    Str: 23    XL:     12   Next: 73%
Magic:  3/11       EV:  9    Int: 10    God:    Trog [****..]
Gold:   2121       SH:  0    Dex: 12    Spells: 11/11 levels left

rFire   . . .      SeeInvis +    a - +7 battleaxe
rCold   . . .      Faith    .    (shield currently unavailable)
rNeg    + + +      Spirit   .    l - +4 scale mail of Ecuokag {+Inv rN+++ Int+2 Dex-2}
rPois   .          Reflect  .    (helmet restricted)
rElec   +          Harm     .    (no cloak)
rCorr   .          Rampage  .    J - +1 pair of gloves {infuse}
Will    ++...                    u - +0 pair of boots
Stlth   ..........               o - amulet of regeneration
HPRegen 2.19/turn                r - ring of positive energy
MPRegen 0.12/turn                v - ring of Cunoc Xor {Fly rElec Int+4 SInv}

@: berserking (expiring), grasped by roots, strong-willed, flying, regenerating,
constricted, very quick
A: horns 2, retaliatory headbutt
a: Renounce Religion, Evoke Invisibility, Berserk, Trog's Hand, Brothers in Arms


You were on level 12 of the Dungeon.
You worshipped Trog.
Trog was greatly pleased with you.
You visited 2 branches of the dungeon, and saw 13 of its levels.
You also visited: Bailey and Gauntlet.

You collected 2121 gold pieces.

Inventory:

Hand Weapons
 a - a +7 battleaxe (weapon)
 b - a +0 broad axe
Missiles
 y - 5 boomerangs (quivered)
 H - 13 poisoned darts
 I - 6 javelins
Armour
 l - the +4 scale mail of Ecuokag (worn) {+Inv rN+++ Int+2 Dex-2}
   (You found it on level 9 of the Dungeon)

   Int:       It affects your intelligence (+2).
   Dex:       It affects your dexterity (-2).
   rN:        It renders you almost immune to negative energy.
   +Inv:      It lets you turn invisible.
 u - a +0 pair of boots (worn)
 J - a +1 pair of gloves of infusion (worn)
 K - the +18 shield of the Gong {rElec rN+ Will+ EV-5}
   (You found it in a Gauntlet)

   It is deafeningly noisy when blocking attacks.
   EV:        It affects your evasion (-5).
   rElec:     It insulates you from electricity.
   rN:        It protects you from negative energy.
   Will:      It increases your willpower.
Jewellery
 e - a +4 ring of evasion
 o - an amulet of regeneration (around neck)
 r - a ring of positive energy (left hand)
 v - the ring of Cunoc Xor (right hand) {Fly rElec Int+4 SInv}
   (You found it in a Gauntlet)

   [ring of see invisible]

   Int:       It affects your intelligence (+4).
   rElec:     It insulates you from electricity.
   SInv:      It lets you see invisible.
   Fly:       It grants you flight.
 w - a +6 ring of strength
 L - an amulet of the acrobat
Wands
 f - a wand of flame (6)
 q - a wand of charming (6)
 s - a wand of roots (5)
 B - a wand of polymorph (26)
Scrolls
 d - 4 scrolls of fear
 g - 6 scrolls of identify
 i - 3 scrolls of teleportation
Potions
 c - a potion of experience {unknown}
 j - 3 potions of attraction
 n - 9 potions of curing
 p - 4 potions of haste
 x - 4 potions of resistance
 A - 6 potions of heal wounds
 C - 3 potions of ambrosia {unknown}
 E - 5 potions of mutation {unknown}
 F - a potion of berserk rage {unknown}


   Skills:
 - Level 14.0 Fighting
 + Level 15.3 Axes
 - Level 6.0 Throwing
 + Level 7.6 Armour
 + Level 7.1 Dodging
 - Level 6.0 Shields
 - Level 6.0 Evocations


You had 11 spell levels left.
You didn't know any spells.
Your spell library contained the following spells:

 Spells                   Type           Power      Damage    Failure   Level
 Apportation              Tloc           0%         N/A       65%         1
 Necrotise                Necr           0%         1d4       65%         1
 Summon Small Mammal      Summ           0%         N/A       65%         1
 Gell's Gravitas          Tloc           0%         N/A       95%         3
 Portal Projectile        Hex/Tloc       0%         N/A       95%         3
 Teleport Other           Tloc           0%         N/A       95%         3
 Tukima's Dance           Hex            0%         N/A       95%         3
 Passage of Golubria      Tloc           0%         N/A       100%        4
 Summon Ice Beast         Ice/Summ       0%         N/A       100%        4
 Blade Hands              Tmut           0%         N/A       100%        5
 Irradiate                Conj/Tmut      0%         3d11      100%        5
 Summon Mana Viper        Hex/Summ       0%         N/A       100%        5
 Yara's Violent Unravell  Hex/Tmut       0%         3d3       100%        5
 Dispersal                Tloc           0%         N/A       100%        6
 Dragon Form              Tmut           0%         N/A       100%        7
 Monstrous Menagerie      Summ           0%         N/A       100%        7


Dungeon Overview and Level Annotations

Branches:
Dungeon (12/15)            Temple (0/1) D:7            Lair (1/5) D:9
 Bailey (visited)         Gauntlet (visited)
    Orc: D:9-12

Altars:
Ashenzari
Elyvilon
Fedhas
Gozag
Okawaru
Qazlal
Ru
Sif Muna
Trog
Uskayaw
Vehumet
Wu Jian
Yredelemnul
Zin
The Shining One

Shops:
D:3 (   D:7 *   D:8 =

Annotations:
D:8 1 runed translucent door, BritishOli's ghost, novice DsFi
D:12 Jorgrun


Innate Abilities, Weirdness & Mutations

You have a pair of horns on your head.
You reflexively headbutt those who attack you in melee.


Message History

You resist with almost no effort. The grasping roots constrict you!
You slash Jorgrun!
Jorgrun is moderately wounded.
Jorgrun hits you with a staff of earth! Jorgrun shatters you!
* * * LOW HITPOINT WARNING * * *
The grasping roots constrict you!
* * * LOW HITPOINT WARNING * * *
You completely miss Jorgrun. Your headbutt misses Jorgrun.
Jorgrun is moderately wounded.
You closely miss Jorgrun.
Jorgrun is moderately wounded.
Jorgrun says, "A few more walls knocked out 'ere an' thar an' 'tis whole place will come crashin' down."
Jorgrun hits you with a staff of earth.
* * * LOW HITPOINT WARNING * * *
Jorgrun shatters you.
* * * LOW HITPOINT WARNING * * *
The grasping roots constrict you!
* * * LOW HITPOINT WARNING * * *
You slice Jorgrun!! Your headbutt misses Jorgrun.
Jorgrun is heavily wounded.
Jorgrun hits you but does no damage. The grasping roots constrict you!
* * * LOW HITPOINT WARNING * * *
You slash Jorgrun! Your headbutt misses Jorgrun.
Jorgrun is severely wounded.
You slash Jorgrun!
Jorgrun is severely wounded.
Jorgrun hits you but does no damage. The grasping roots constrict you!
* * * LOW HITPOINT WARNING * * *
You slice the wraith!! You headbutt the wraith!
The wraith is almost destroyed.
You closely miss Jorgrun. You slash the wraith!
You destroy the wraith!
Trog accepts your kill.
You slice Jorgrun!! Jorgrun casts a spell at you. The iron shot hits you!!!
* * * LOW HITPOINT WARNING * * *
The grasping roots constrict you!
You die...

#...... ##.......
##........
##.........
##..........
##...........
##<...........
##....@........
##......g.......
##...............
#................
#................
#.[..............
#................
#................
#...........


You could see Jorgrun.

Vanquished Creatures
  A minotaur (Gauntlet)
  A boulder beetle (D:12)
  4 two-headed ogres
  A sixfirhy (Gauntlet)
  Lodul (D:10)
  A wolf spider (Gauntlet)
  An orc sorcerer (Bailey)
  An ugly thing (D:11)
  A moth of wrath (Gauntlet)
  2 centaur zombies (D:11)
  A torpor snail (Gauntlet)
  A cane toad (Lair:1)
  2 gargoyles
  Maggie (D:7)
  Joseph (D:7)
  3 centaur skeletons (D:11)
  An unseen horror (D:8)
  2 kobold demonologists
  A polar bear (Lair:1)
  2 hellwings (D:11)
  A hornet (D:11)
  Prince Ribbit (D:6)
  A shadow (D:10)
  A vampire (D:11)
  2 wraiths
  26 yaks
  2 basilisks (Lair:1)
  A wyvern (D:8)
  5 steam dragons
  A vampire mosquito (D:8)
  2 redbacks (Gauntlet)
  Edmund (D:6)
  An acid dragon (D:11)
  3 water moccasins
  A sky beast (D:6)
  15 orc warriors
  A black bear (D:6)
  8 ogres
  3 centaurs
  6 wolves (Gauntlet)
  A kobold brigand (D:10)
  Blork the orc (D:6)
  4 bullfrogs
  2 necrophages (D:5)
  A gnoll sergeant (D:8)
  4 scorpions
  8 wights
  9 killer bees
  A vampire bat (D:4)
  3 howler monkeys (D:8)
  3 electric eels
  3 hounds
  2 jellies (D:7)
  A gnoll bouda (D:8)
  3 orc priests
  3 iguanas (D:6)
  8 orc wizards
  Natasha (thrice) (D:2)
  A boggart skeleton (D:11)
  Robin (D:3)
  4 gnolls
  4 adders
  5 shadow imps
  2 white imps
  2 ufetubi (Gauntlet)
  2 worms
  3 dart slugs
  3 fire bats (D:4)
  37 orcs
  2 spectral bats (D:4)
  3 bat skeletons (D:4)
  A bat zombie (D:4)
  9 endoplasms
  A giant cockroach (D:4)
  34 goblins
  15 hobgoblins
  10 jackals
  A quokka (D:1)
  6 ball pythons
  17 bats
  A bat simulacrum (D:4)
  5 frilled lizards
  13 kobolds
  9 rats
362 creatures vanquished.

Vanquished Creatures (collateral kills)
  A two-headed ogre (D:9)
1 creature vanquished.

Vanquished Creatures (others)
  32 plants
  3 withered plants
35 creatures vanquished.

Grand Total: 398 creatures vanquished

Notes
Turn   | Place    | Note
-------+----------+-------------------------------------------
     0 | D:1      | Destapler the Minotaur Berserker began the quest for the
                  | Orb.
     0 | D:1      | Reached XP level 1. HP: 19/19 MP: 0/0
   275 | D:1      | Reached XP level 2. HP: 26/27 MP: 1/1
   477 | D:1      | Reached skill level 4 in Axes
   478 | D:1      | Reached ** piety under Trog
   671 | D:1      | Reached XP level 3. HP: 32/33 MP: 2/2
  1254 | D:2      | Found a faded altar of an unknown god.
  1602 | D:2      | Noticed Natasha
  1610 | D:2      | Killed Natasha
  1611 | D:2      | Reached XP level 4. HP: 40/40 MP: 3/3
  1849 | D:2      | Noticed Natasha
  1853 | D:2      | Killed Natasha
  1854 | D:2      | Reached skill level 1 in Shields
  2055 | D:3      | Reached skill level 1 in Throwing
  2085 | D:2      | Noticed Natasha
  2091 | D:2      | Killed Natasha
  2125 | D:3      | Noticed Robin
  2150 | D:3      | Reached XP level 5. HP: 28/47 MP: 4/4
  2179 | D:3      | Killed Robin
  2341 | D:3      | Reached *** piety under Trog
  2433 | D:3      | Found Hifiyxet's Antique Weapon Shoppe.
  2776 | D:4      | Found a radiant altar of Vehumet.
  2956 | D:4      | Reached XP level 6. HP: 46/55 MP: 5/5
  2980 | D:4      | Reached skill level 5 in Axes
  2980 | D:4      | Reached **** piety under Trog
  3007 | D:4      | Reached skill level 5 in Fighting
  3223 | D:4      | Noticed a +0 dagger
  3223 | D:4      | Noticed a +0 short sword
  3223 | D:4      | Noticed a +0 spear
  3223 | D:4      | Noticed a +0 dagger
  3223 | D:4      | Noticed a +0 falchion
  3224 | D:4      | Noticed a +0 spear
  3224 | D:4      | Noticed a +0 falchion
  3225 | D:4      | Noticed a +0 short sword
  3230 | D:4      | Found a hide-covered altar of Uskayaw.
  3370 | D:4      | Found a glowing silver altar of Zin.
  3480 | D:5      | Entered Level 5 of the Dungeon
  3508 | D:5      | Found an iron altar of Okawaru.
  3590 | D:5      | Reached XP level 7. HP: 34/61 MP: 6/6
  3640 | D:5      | Found an ornate altar of the Wu Jian Council.
  3995 | D:5      | Found a glowing golden altar of the Shining One.
  4421 | D:6      | Noticed Blork the orc
  4422 | D:6      | Noticed Prince Ribbit
  4427 | D:6      | Killed Blork the orc
  4436 | D:6      | Killed Prince Ribbit
  4437 | D:6      | Reached skill level 5 in Shields
  4437 | D:6      | Reached XP level 8. HP: 70/70 MP: 7/7
  4462 | D:6      | Reached skill level 6 in Axes
  4476 | D:6      | HP: 1/70 [something (5)]
  4481 | D:6      | Reached skill level 5 in Throwing
  4627 | D:6      | Found a broken altar of Ashenzari.
  4629 | D:6      | Found a stormy altar of Qazlal.
  4637 | D:6      | Found an opulent altar of Gozag.
  4823 | D:6      | Reached skill level 7 in Axes
  4844 | D:6      | Found a sacrificial altar of Ru.
  5228 | D:6      | Noticed Edmund
  5240 | D:6      | Killed Edmund
  5241 | D:6      | Reached XP level 9. HP: 79/79 MP: 8/8
  5329 | D:7      | Noticed Joseph
  5329 | D:7      | Found a staircase to the Ecumenical Temple.
  5441 | D:7      | Killed Joseph
  5442 | D:7      | Reached skill level 8 in Axes
  5597 | D:7      | Found Zaeprumn's General Store.
  5622 | D:7      | Noticed Maggie
  5666 | D:7      | Killed Maggie
  6046 | D:7      | Reached skill level 9 in Axes
  6183 | D:8      | Found Dasofune's Jewellery Shop.
  6358 | D:8      | Found a flagged portal.
  6363 | Bailey   | Entered a bailey
  6417 | Bailey   | Acquired 1138 gold pieces
  6441 | Bailey   | Reached skill level 10 in Fighting
  6441 | Bailey   | Reached skill level 10 in Axes
  6478 | Bailey   | Noticed a kobold demonologist
  6479 | Bailey   | Noticed an ice devil
  6551 | Bailey   | Killed a kobold demonologist
  6552 | Bailey   | Reached XP level 10. HP: 94/94 MP: 9/9
  6591 | Bailey   | Noticed an orc sorcerer
  6823 | Bailey   | Found an iron altar of Okawaru.
  6827 | Bailey   | Paralysed by an orc sorcerer for 2 turns
  6840 | Bailey   | Paralysed by an orc sorcerer for 2 turns
  6844 | Bailey   | Killed an orc sorcerer
  6845 | Bailey   | Reached skill level 11 in Axes
  6935 | Bailey   | Identified the +1 robe of Garuhytt {Will+ MP+9}
  7618 | D:8      | Found a runed translucent door.
  7623 | D:8      | Noticed BritishOli's ghost (novice DsFi)
  8131 | D:8      | Reached skill level 12 in Axes
  8360 | D:9      | Reached ***** piety under Trog
  8366 | D:9      | Found a basalt altar of Yredelemnul.
  8384 | D:9      | Identified the +4 scale mail of Ecuokag {+Inv rN+++ Int+2
                  | Dex-2}
  8689 | D:9      | Noticed a two-headed ogre
  8702 | D:9      | Killed a two-headed ogre
  8703 | D:9      | Reached XP level 11. HP: 69/106 MP: 10/10
  8753 | D:9      | Noticed a two-headed ogre
  8764 | D:9      | Killed a two-headed ogre
  8765 | D:9      | Reached skill level 13 in Axes
  8814 | D:9      | Found a staircase to the Lair.
  8971 | D:9      | Found a shimmering blue altar of Sif Muna.
  9341 | D:10     | Entered Level 10 of the Dungeon
  9376 | D:10     | Noticed a two-headed ogre
  9383 | D:10     | Killed a two-headed ogre
  9532 | D:10     | Found a blossoming altar of Fedhas.
  9563 | D:10     | Noticed Lodul
  9596 | D:10     | Killed Lodul
  9603 | D:10     | Received a gift from Trog
  9653 | D:10     | Found a white marble altar of Elyvilon.
  9791 | D:10     | Reached skill level 14 in Axes
  9890 | D:10     | Found a bloodstained altar of Trog.
 10060 | D:10     | Reached skill level 1 in Evocations
 10363 | D:11     | Noticed a two-headed ogre
 10372 | D:11     | Killed a two-headed ogre
 10481 | D:11     | Noticed a two-headed ogre
 10486 | D:11     | Killed a two-headed ogre
 10487 | D:11     | Reached skill level 5 in Armour
 10642 | D:11     | Found a gate leading to a gauntlet.
 10684 | Gauntlet | Entered a Gauntlet
 10684 | Gauntlet | Found a transporter.
 10693 | Gauntlet | Noticed a sixfirhy
 10695 | Gauntlet | Found a transporter.
 10697 | Gauntlet | Found a transporter.
 10708 | Gauntlet | Found a transporter.
 10711 | Gauntlet | Found a transporter.
 10719 | Gauntlet | Found a transporter.
 10727 | Gauntlet | Noticed a death drake
 10739 | Gauntlet | Found a transporter.
 10740 | Gauntlet | Noticed a death scarab
 10742 | Gauntlet | Noticed a death scarab
 10743 | Gauntlet | Found a runed translucent door.
 10750 | Gauntlet | Noticed a wolf spider
 10751 | Gauntlet | Found a transporter.
 10761 | Gauntlet | Found a transporter.
 10762 | Gauntlet | Noticed a green ugly thing
 10763 | Gauntlet | Noticed a brown ugly thing
 10763 | Gauntlet | Noticed a glowing orange brain
 10781 | Gauntlet | Found a transporter.
 10795 | Gauntlet | Found a transporter.
 10795 | Gauntlet | Found a transporter.
 10843 | Gauntlet | Found a transporter.
 10860 | Gauntlet | Found a transporter.
 10975 | Gauntlet | Killed a sixfirhy
 10976 | Gauntlet | Reached skill level 5 in Dodging
 11055 | Gauntlet | Reached XP level 12. HP: 87/117 MP: 11/11
 11119 | Gauntlet | Identified the +4 dagger of Qynidurr {pain, Will++ rCorr}
 11123 | Gauntlet | Identified the ring of Cunoc Xor {Fly rElec Int+4 SInv}
 11158 | Gauntlet | Found the +18 shield of the Gong {rElec rN+ Will+ EV-5}
 11158 | Gauntlet | Noticed a minotaur
 11167 | Gauntlet | Killed a minotaur
 11345 | D:11     | Reached skill level 5 in Evocations
 12032 | D:12     | Noticed a four-headed hydra
 12032 | D:12     | Found the +3 Elemental Staff {rElec rF++ rC++ AC+5}
 12181 | Lair:1   | Entered Level 1 of the Lair of Beasts
 12228 | Lair:1   | Reached skill level 15 in Axes
 12683 | Lair:1   | Noticed an eight-headed hydra
 12781 | D:12     | Noticed a boulder beetle
 12789 | D:12     | Killed a boulder beetle
 12936 | D:12     | Noticed Jorgrun
 12954 | D:12     | HP: 1/175 [Jorgrun/iron shot (42)]
 12954 | D:12     | Constricted to death by Jorgrun

Illustrated notes

Levels and vault maps discovered:
D:1:      dpeg_arrival_windows_large_door, layout_loops_ring, feat_on_display
D:2:      layout_loops_ring, basic_ecumenical_altar, due_unseen_surprise,
          uniq_natasha
D:3:      layout_basic, serial_shops, shop, grunt_ministairs_13,
          minmay_fountain_box, uniq_robin
D:4:      layout_loops_ring, kennysheep_mini_moat, nicolae_uskayaw_en_pointe,
          nicolae_vehumet_radiance, goddamned_bats
D:5:      layout_loops_ring, tso_metal_star, overflow_temple_1_default,
          nicolae_overflow_crystal_walls, serial_bayou, serial_bayou_pond_c,
          serial_bayou_pond_c, serial_bayou_pond_c, serial_bayou_lagoon_a
D:6:      layout_loops_cross, mainiacjoe_overflow_cross_hatched,
          chequers_temple_overflow_statue_of_worship, uniq_edmund,
          uniq_blork_the_orc, uniq_prince_ribbit1
D:7:      layout_cave_pools, minmay_temple_entry_large_hall, serial_shops, shop,
          minivault_4, minivault_19, uniq_joseph, uniq_maggie
D:8:      minmay_s_stair_smasher, layout_loops_corners, enter_bailey_3,
          ebering_ghost_reflecting_pool, minmay_shop_enchanted_jewellery
D:9:      layout_stronghold, lemuel_tele_altar,
          mainiacjoe_overflow_small_starburst, lair_entry_dummy,
          lemuel_flamethrower_2
D:10:     layout_long_grid, fedhas_altar_4, elyvilon_altar_5,
          lemuel_round_altar, palyth_stone_intersect,
          chequers_serial_rivers_room_a, uniq_lodul
D:11:     cheibrodos_grave_circle, layout_loops_corners, gauntlet_entry_generic,
          minivault_1
D:12:     layout_big_octagon, zombieorc2_lemuel,
          portal_ice_cave_entry_pillars_2, uniq_jorgrun
Lair:1:   layout_hall_layers, grunt_forest_stairs_basic

Skill      XL: |  1  2  3  4  5  6  7  8  9 10 11 12 |
---------------+-------------------------------------+-----
Fighting       | 4 5 7 10 12 14 | 14.0
Axes           | 4 5 7 10 12 14 15 | 15.3
Armour         | 3 4 5 7 |  7.6
Dodging        | 3 4 5 7 |  7.1
Shields        | 1 2 4 5 6 |  6.0
Throwing       | 1 3 4 6 |  6.0
Evocations     | 3 6 |  6.0

Action                   |  1- 3 |  4- 6 |  7- 9 | 10-12 || total
-------------------------+-------+-------+-------+-------++-------
Melee: Hand axe          |    87 |    64 |       |       ||   151
       Headbutt          |     8 |    24 |    32 |    86 ||   150
       Punch             |     1 |     2 |     3 |     1 ||     7
       War axe           |       |    91 |   198 |   105 ||   394
       Unarmed           |       |       |    34 |       ||    34
       Battleaxe         |       |       |       |   318 ||   318
       Broad axe         |       |       |       |     1 ||     1
Throw: Boomerang         |       |       |     4 |    16 ||    20
Invok: Berserk           |     1 |     4 |    15 |    18 ||    38
       Trog's Hand       |       |       |     1 |     1 ||     2
       Brothers in Arms  |       |       |       |     1 ||     1
Evoke: Wand              |       |       |       |     2 ||     2
  Use: Scroll            |       |       |    20 |     7 ||    27
       Potion            |       |       |     1 |       ||     1
 Stab: Sleeping          |     1 |     3 |       |       ||     4
Armor: Animal skin       |    21 |    12 |       |       ||    33
       Leather armour    |       |    35 |    19 |       ||    54
       Acid dragon scale |       |       |    13 |    33 ||    46
       Scale mail        |       |       |       |   114 ||   114
Dodge: Dodged            |    51 |   153 |   137 |   282 ||   623
Block: Kite shield       |       |       |       |     1 ||     1

Table legend: (Time is in decaauts)
 A = Elapsed time spent in this place.
 B = Non-inter-level travel time spent in this place.
 C = Inter-level travel time spent in this place.
 D = Time resting spent in this place.
 E = Time spent auto-exploring this place.
 F = Levels seen in this place.
 G = Mean time per level.
                   A        B        C        D        E       F      G
               +--------+--------+--------+--------+--------+-----+--------+
         Total |  13398 |  12641 |    757 |   1724 |   7790 |  15 |  893.2 |
       Dungeon |  11518 |  10761 |    757 |   1485 |   6969 |  12 |  959.8 |
          Lair |    550 |    550 |      0 |      0 |    409 |   1 |  550.0 |
        Bailey |    727 |    727 |      0 |     97 |    175 |   1 |  727.0 |
      Gauntlet |    602 |    602 |      0 |    141 |    237 |   1 |  602.0 |
               +--------+--------+--------+--------+--------+-----+--------+

Top non-repeatable levels by time:
    D:11: 1482 daAuts
     D:8: 1338 daAuts
     D:2: 1166 daAuts
     D:9: 1089 daAuts
     D:6: 1082 daAuts
     D:1: 1081 daAuts
    D:10: 995 daAuts
     D:5: 952 daAuts
     D:7: 930 daAuts
     D:4: 798 daAuts
  Bailey: 727 daAuts
Gauntlet: 602 daAuts
  Lair:1: 550 daAuts
     D:3: 550 daAuts
    D:12: 50 daAuts
